Map: Paladino Terminal LE

Players

Musumeci - Winner!

  • Race: Zerg Zerg
  • League: Diamond
  • Spawn Location: 5:00

Azira

  • Race: Protoss Protoss
  • League: Diamond
  • Spawn Location: 9:00

VOD

Have the link to the VOD?

Description

Time

  • Played on: March 23, 2017, 9:50 a.m.
  • Length: 3:01
Show
View Real Time Build Order
Export as new Build Order

Musumeci Zerg - Winner!

Build Orders: Hatch First 

Get SALT Encoding   

  12  0:02  Drone  
  13  0:13  Overlord  
  13  0:23  Drone  
  13  0:25  Extractor  
  13  0:26  Drone  
  15  0:31  Drone  
  15  0:34  Drone  
  17  0:58  Hatchery  
  16  1:06  Extractor  
  15  1:12  Spawning Pool  
  11  2:10  Zergling x6  
  11  2:12  Zergling x2  
  15  2:21  Zergling x2  
Show
View Real Time Build Order
Export as new Build Order

Azira Protoss 

Build Orders: Cannon Rush 

Get SALT Encoding   

  12  0:02  Probe (Chrono Boost)  
  13  0:13  Probe (Chrono Boost)  
  14  0:19  Pylon  
  14  0:24  Probe (Chrono Boost)  
  15  0:37  Probe (Chrono Boost)  
  15  0:40  Forge  
  16  0:56  Pylon  
  16  1:03  Assimilator  
  16  1:11  Pylon  
  16  1:13  Pylon  
  16  1:30  Photon Cannon  
  16  1:39  Photon Cannon  
  16  1:45  Pylon  
  16  1:53  Photon Cannon  
  15  1:56  Probe (Chrono Boost)  
  15  2:10  Probe (Chrono Boost)  
  16  2:29  Photon Cannon  
  16  2:52  Photon Cannon  
Tags
 
Add a new tag
Caveats
  • Supply blocks, unpowered buildings, or Contaminate may cause inaccurate times.
  • Supply counts are checked every 10 seconds.